 Dungeon Crawl Stone Soup version 0.27-a0-1202-ge72e49191c (webtiles) character file.

Game seed: 18110767341064538353

3869 lightspider the Fighter (level 10, -19/91 HPs)
             Began as a Minotaur Berserker on June 3, 2021.
             Was an Elder of Trog.
             Demolished by a large slime creature (28 damage)
             ... on level 8 of the Dungeon.
             The game lasted 00:21:17 (8713 turns).

lightspider the Fighter (Minotaur Berserker)        Turns: 8713, Time: 00:21:18

Health: -19/91     AC: 16    Str: 24 (26) XL:     10   Next: 0%
Magic:  0/9        EV:  9    Int:  2 (4)  God:    Trog [****..]
Gold:   435        SH:  2    Dex:  8 (9)  Spells: 9/9 levels left

rFire    . . .     SeeInvis +   c - +0 war axe
rCold    . . .     Faith    .   D - +0 buckler
rNeg     . . .     Spirit   +   p - +0 chain mail
rPois    +         Reflect  .   (helmet restricted)
rElec    .         Harm     .   u - +1 cloak {rPois}
rCorr    +         Rampage  .   I - +1 pair of gloves
Will     .....                  (no boots)
Stlth    ..........             e - amulet of guardian spirit
HPRegen  0.25/turn              k - ring of see invisible
MPRegen  0.11/turn              q - ring of resist corrosion

@: brilliant
A: horns 2, retaliatory headbutt
a: Renounce Religion, Berserk, Trog's Hand, Brothers in Arms


You were on level 8 of the Dungeon.
You worshipped Trog.
Trog was greatly pleased with you.
You visited 1 branch of the dungeon, and saw 8 of its levels.

You collected 435 gold pieces.

Inventory:

Hand Weapons
 a - a +0 hand axe
 c - a +0 war axe (weapon)
Armour
 b - a +0 animal skin
 i - a +0 ring mail
 p - a +0 chain mail (worn)
 u - a +1 cloak of poison resistance (worn)
 D - a +0 buckler (worn)
 G - +0 steam dragon scales
 I - a +1 pair of gloves (worn)
Jewellery
 e - an amulet of guardian spirit (around neck)
 k - a ring of see invisible (left hand)
 q - a ring of resist corrosion (right hand)
 x - an amulet of the acrobat
 K - a +4 ring of protection
Wands
 B - a wand of iceblast (18)
 J - a wand of flame (19)
Scrolls
 f - 2 scrolls of teleportation
 g - a scroll of identify
 j - a scroll of enchant armour {unknown}
 r - 2 scrolls of immolation {unknown}
 s - a scroll of fear
 t - 4 scrolls of acquirement {unknown}
 v - 3 scrolls of vulnerability {unknown}
 y - a scroll of silence {unknown}
 C - a scroll of blinking
 H - a scroll of summoning {unknown}
 L - a scroll of magic mapping {unknown}
Potions
 d - a potion of ambrosia
 h - a potion of berserk rage
 l - 3 potions of flight
 m - a potion of attraction {unknown}
 n - 4 potions of degeneration
 o - 3 potions of brilliance
 w - a potion of haste {unknown}
 z - a potion of curing {unknown}
 A - a potion of invisibility {unknown}
 E - a potion of magic {unknown}
 F - 3 potions of mutation {unknown}


   Skills:
 + Level 9.4 Fighting
 + Level 9.4 Axes
 + Level 8.9 Armour
 + Level 8.1 Dodging


You had 9 spell levels left.
You didn't know any spells.
Your spell library was empty.

Dungeon Overview and Level Annotations

Branches:
Dungeon (8/15)             Temple (0/1) D:7
   Lair: D:8-11

Altars:
Ashenzari
Cheibriados
Elyvilon
Hepliaklqana
Sif Muna

Shops:
D:3 [


Innate Abilities, Weirdness & Mutations

You have a pair of horns on your head.
You reflexively headbutt those who attack you in melee.


Message History

You hit the slime creature. The slime creature hits you!
The slime creature hits you but does no damage.
A steam dragon comes into view.
You slash the slime creature!
The slime creature is severely wounded.
You hit the slime creature. The slime creature hits you.
The slime creature barely misses you. You furiously retaliate!
You headbutt the slime creature!
A very large slime creature splits.
You slash the slime creature!
Your headbutt misses the slime creature.
The slime creature is almost dead.
You slash the slime creature! The slime creature hits you.
You block the slime creature's attack.
Two slime creatures merge to form a very large slime creature.
Two slime creatures merge to form an enormous slime creature.
You slash the enormous slime creature!
You headbutt the enormous slime creature.
The enormous slime creature is moderately wounded.
You hit the slime creature.
The slime creature hits you but does no damage.
You slash the enormous slime creature!
You headbutt the enormous slime creature!
The enormous slime creature is heavily wounded.
You hit the slime creature. The enormous slime creature hits you!!!
Ouch! That really hurt!
* * * LOW HITPOINT WARNING * * *
The slime creature hits you!
* * * LOW HITPOINT WARNING * * *
Okay, then.
It was a potion of degeneration.
There was something very wrong with that liquid.
You feel weakened.
You feel dopey.
You feel clumsy.
An enormous slime creature splits.
The slime creature hits you.
* * * LOW HITPOINT WARNING * * *
It was a potion of brilliance.
You feel clever all of a sudden.
The large slime creature closely misses you.
The slime creature hits you but does no damage.
The large slime creature hits you!!
You die...

#.#
####<#.####.##.#
## ### ##.##
#.##.# #. #.#
#.##. #. ##.#
.##.###> #..#
...... ##..#
.####. #...# #.
###...# #
#J@.#.# #.JJ##.#
#..D....
..........
....######.
...... .. ......
...###


You could see 2 large slime creatures, a slime creature and a steam dragon.

Vanquished Creatures
  Eustachio (D:4)
  A wyvern (D:8)
  Grum (D:8)
  A water moccasin (D:7)
  Duvessa (D:6)
  2 orc warriors
  A sky beast (D:6)
  2 necrophages
  An ice beast (D:8)
  4 black bears
  4 ogres
  A centaur (D:8)
  4 wolves (D:8)
  A phantom (D:5)
  A kobold brigand (D:8)
  2 bullfrogs
  2 scorpions (D:6)
  Dowan (D:6)
  A water moccasin skeleton (D:6)
  A vampire bat (D:4)
  A howler monkey (D:5)
  4 hounds
  3 orc priests
  Crazy Yiuf (D:4)
  A bullfrog skeleton (D:6)
  2 centaur skeletons
  A gnoll shaman (D:4)
  Ijyb (D:5)
  An iguana (D:4)
  2 orc wizards (D:3)
  A howler monkey zombie (D:8)
  7 gnolls (D:4)
  A river rat (D:4)
  10 adders
  A white imp (D:7)
  4 worms
  A dart slug (D:2)
  3 fire bats (D:4)
  15 orcs
  2 spectral bats (D:4)
  4 ball pythons
  15 bats
  3 bat skeletons (D:4)
  A bat zombie (D:4)
  4 endoplasms
  2 giant cockroaches
  8 goblins
  8 hobgoblins
  13 jackals
  5 quokkas
  A bat simulacrum (D:4)
  A frilled lizard (D:2)
  12 kobolds
  8 rats
180 creatures vanquished.

Vanquished Creatures (collateral kills)
  Maggie (D:6)
  A howler monkey skeleton (D:6)
2 creatures vanquished.

Grand Total: 182 creatures vanquished

Notes
Turn   | Place    | Note
-------+----------+-------------------------------------------
     0 | D:1      | lightspider the Minotaur Berserker began the quest for the
                  | Orb.
     0 | D:1      | Reached XP level 1. HP: 19/19 MP: 0/0
   384 | D:1      | Reached XP level 2. HP: 27/27 MP: 1/1
  1002 | D:1      | Reached XP level 3. HP: 33/33 MP: 2/2
  1880 | D:2      | Reached ** piety under Trog
  2095 | D:2      | Reached XP level 4. HP: 41/41 MP: 3/3
  2647 | D:3      | Found Sifuim's Armour Emporium.
  2826 | D:3      | Reached XP level 5. HP: 47/47 MP: 1/4
  3022 | D:3      | Reached *** piety under Trog
  3265 | D:4      | Reached skill level 5 in Fighting
  3402 | D:4      | Reached skill level 5 in Axes
  3418 | D:4      | Reached XP level 6. HP: 56/56 MP: 3/5
  3977 | D:4      | Reached skill level 5 in Armour
  3977 | D:4      | Reached XP level 7. HP: 53/62 MP: 4/6
  4270 | D:4      | Noticed Eustachio
  4283 | D:4      | Killed Eustachio
  4284 | D:4      | Reached skill level 5 in Dodging
  4348 | D:4      | Found a runed translucent door.
  4349 | D:4      | Noticed Crazy Yiuf
  4459 | D:4      | Reached **** piety under Trog
  4680 | D:4      | Reached XP level 8. HP: 65/71 MP: 5/7
  5140 | D:4      | Killed Crazy Yiuf
  5242 | D:5      | Entered Level 5 of the Dungeon
  5666 | D:5      | Found a shimmering blue altar of Sif Muna.
  5666 | D:5      | Found a hazy altar of Hepliaklqana.
  5666 | D:5      | Found a snail-covered altar of Cheibriados.
  6222 | D:5      | Noticed Ijyb
  6236 | D:5      | Killed Ijyb
  6438 | D:6      | Noticed Duvessa
  6446 | D:6      | Killed Duvessa
  6446 | D:6      | Noticed Dowan
  6452 | D:6      | Killed Dowan
  6591 | D:6      | Reached XP level 9. HP: 71/81 MP: 6/8
  6766 | D:6      | Found a broken altar of Ashenzari.
  6962 | D:6      | Noticed Maggie
  6967 | D:6      | Killed Maggie
  6968 | D:6      | Found a white marble altar of Elyvilon.
  7338 | D:7      | Found a staircase to the Ecumenical Temple.
  7620 | D:7      | Found a sand-covered staircase.
  8189 | D:8      | Noticed Grum
  8200 | D:8      | Killed Grum
  8609 | D:8      | Reached XP level 10. HP: 91/91 MP: 9/9
  8713 | D:8      | Demolished by a large slime creature

Illustrated notes

Levels and vault maps discovered:
D:1:      lightli_arrival_lavapool, layout_basic
D:2:      minmay_recursive_quarters, layout_rooms
D:3:      layout_loops_ring, serial_shops, shop
D:4:      layout_loops_ring, lightli_sewer_entry_pipes, goddamned_bats,
          uniq_crazy_yiuf_cottage, uniq_eustachio
D:5:      layout_basic, gammafunk_temple_overflow_claw, uniq_ijyb
D:6:      layout_loops_ring, cheibrodos_ashenzari_chains, elyvilon_altar_5,
          uniq_duvessa, uniq_maggie
D:7:      layout_basic, temple_hall, nicolae_ossuary_entry_monument,
          chequers_arboretum
D:8:      minmay_slanted_spiral_squares, layout_loops_ring,
          lemuel_zombie_altar_kikubaaqudgha, uniq_grum

Skill      XL: |  1  2  3  4  5  6  7  8  9 |
---------------+----------------------------+-----
Axes           | 4 5 6 7 9 |  9.4
Fighting       | 4 5 6 8 9 |  9.4
Armour         | 3 4 5 7 8 |  8.9
Dodging        | 3 4 5 6 8 |  8.1

Action                   |  1- 3 |  4- 6 |  7- 9 | 10-12 || total
-------------------------+-------+-------+-------+-------++-------
Melee: Hand axe          |    81 |    21 |       |       ||   102
       Headbutt          |    11 |    16 |    49 |     2 ||    78
       War axe           |       |    49 |   286 |     7 ||   342
Invok: Berserk           |     5 |     2 |     5 |       ||    12
       Brothers in Arms  |       |       |     1 |       ||     1
Evoke: Wand              |       |       |     2 |     1 ||     3
  Use: Scroll            |       |     6 |       |       ||     6
       Potion            |       |       |       |     2 ||     2
Armor: Animal skin       |    11 |       |       |       ||    11
       Ring mail         |     8 |    37 |       |       ||    45
       Chain mail        |       |     3 |   152 |     3 ||   158
Dodge: Dodged            |    41 |    62 |   136 |     4 ||   243
Block: Buckler           |       |       |    17 |     1 ||    18

Table legend: (Time is in decaauts)
 A = Elapsed time spent in this place.
 B = Non-inter-level travel time spent in this place.
 C = Inter-level travel time spent in this place.
 D = Time resting spent in this place.
 E = Time spent auto-exploring this place.
 F = Levels seen in this place.
 G = Mean time per level.
                   A        B        C        D        E       F      G
               +--------+--------+--------+--------+--------+-----+--------+
         Total |   8929 |   8542 |    387 |    925 |   5953 |   8 | 1116.1 |
       Dungeon |   8929 |   8542 |    387 |    925 |   5953 |   8 | 1116.1 |
               +--------+--------+--------+--------+--------+-----+--------+

Top non-repeatable levels by time:
     D:4: 1832 daAuts
     D:1: 1692 daAuts
     D:5: 1091 daAuts
     D:3: 1082 daAuts
     D:6: 1002 daAuts
     D:2: 798 daAuts
     D:7: 797 daAuts
     D:8: 632 daAuts
